 Dungeon Crawl Stone Soup version 0.26-a0-651-gb41185065b (webtiles) character file.

Game seed: 11191940336620513249

4106 Kiburo the Geomancer (level 10, -1/56 HPs)
             Began as a Gargoyle Earth Elementalist on Sept 28, 2020.
             Slain by an orc warrior
             ... wielding a +0 broad axe
              (26 damage)
             ... in a bailey.
             The game lasted 00:27:31 (10228 turns).

Kiburo the Geomancer (Gargoyle Earth Elementalist) Turns: 10228, Time: 00:27:32

Health: -1/56      AC: 20    Str: 13    XL:     10   Next: 26%
Magic:  25/29      EV: 13    Int: 18    God:
Gold:   423        SH:  0    Dex: 10    Spells: 13/22 levels left

rFire    . . .     SeeInvis .   a - +1 mace (vorpal)
rCold    . . .     Faith    .   (no shield)
rNeg     + . .     Spirit   .   c - +2 robe
rPois    ∞         Reflect  .   (no helmet)
rElec    +         Harm     .   y - +2 cloak
rCorr    .         Rampage  .   (no gloves)
MR       .....                  (no boots)
Stlth    ++........             (no amulet)
HPRegen  0.18/turn              u - ring of magical power
MPRegen  0.21/turn              d - +4 ring of protection

@: no status effects
A: molten scales 1, blurry vision 1, negative energy resistance 1, screaming 1,
electricity resistance, unbreathing, petrification resistance, rot immunity, AC
+7
a: no special abilities


You were in a bailey.
You visited 2 branches of the dungeon, and saw 9 of its levels.
You also visited: Ossuary and Bailey.

You collected 423 gold pieces.

Inventory:

Hand Weapons
 a - a +1 vorpal mace (weapon)
 e - a +4 dagger of speed
 k - a +0 flail
 r - a +0 mace of holy wrath
Missiles
 b - 25 stones (quivered)
 f - a throwing net
Armour
 c - a +2 robe (worn)
 y - a +2 cloak (worn)
Jewellery
 d - a +4 ring of protection (right hand)
 g - an uncursed ring of flight
 m - an uncursed ring of ice
 u - a ring of magical power (left hand)
Wands
 t - a wand of random effects (36)
Scrolls
 i - 8 scrolls of teleportation
 l - 8 scrolls of identify
 o - a scroll of immolation
 w - 3 scrolls of remove curse
Potions
 h - 2 potions of haste
 p - 6 potions of curing
 q - a potion of heal wounds
 z - a potion of resistance


   Skills:
 + Level 3.5 Fighting
 + Level 3.2 Maces & Flails
 + Level 3.5 Armour
 + Level 3.3 Dodging
 - Level 2.1 Stealth
 + Level 6.8 Spellcasting
 + Level 7.4 Conjurations
   Level 0.7 Transmutations
 + Level 9.3 Earth Magic
 + Level 2.9 Evocations


You had 13 spell levels left.
You knew the following spells:

 Your Spells              Type           Power        Failure   Level
a - Sandblast             Erth           #####.       1%          1
b - Stone Arrow           Conj/Erth      #####.       1%          3
c - Lee's Rapid Deconstr  Erth           #####.....   7%          5

Your spell library contained the following spells:

 Spells                   Type           Power        Failure   Level
 Passwall                 Tmut/Erth      ###.....     2%          2
 Animate Skeleton         Necr           #.....       11%         1
 Pain                     Necr           #...         11%         1
 Petrify                  Tmut/Erth      ###.....     14%         4
 Vampiric Draining        Necr           #.........   32%         3
 Animate Dead             Necr           #.........   73%         4
 Agony                    Necr           #.......     97%         5


Dungeon Overview and Level Annotations

Branches:
Dungeon (8/15)             Temple (1/1) D:4         Ossuary (visited)
 Bailey (1/1)
   Lair: D:8-11

Altars:
Cheibriados
Dithmenos
Elyvilon
Fedhas
Gozag
Hepliaklqana
Kikubaaqudgha
Makhleb
Nemelex Xobeh
Okawaru
Qazlal
Ru
Sif Muna
Trog
Uskayaw
Wu Jian
Xom
Yredelemnul
Zin
The Shining One


Innate Abilities, Weirdness & Mutations

You are resistant to torment.
Your stone body is resilient. (AC +7)
You are immune to poison.
You resist negative energy. (rN+)
You are resistant to electric shocks. (rElec)
You can survive without breathing.
You are immune to petrification.
You are immune to rotting.
You are partially covered in molten scales. (AC +2)
Scrolls take you a little longer to read.
You occasionally shout uncontrollably at your foes.


Message History

As you read the scroll of immolation, it crumbles to dust.
The creatures around you are filled with an inner flame!
Unknown command.
Unknown command.
The orc warrior no longer looks unusually strong.
The orc warlord roars a battlecry!
The orc warrior goes into a battle-frenzy!
The orc warrior hits you with a +0 broad axe!
There is a fountain of clear blue water here.
The orc warrior hits you with a +0 broad axe.
Items here: $ ))) [[[ ††.
An orc comes into view. It is wielding a +0 hand axe.
You shout at the orc!
The orc shouts!
The orc warlord roars a battlecry!
The orc warrior goes into a battle-frenzy!
The hobgoblin hits you but does no damage.
Items here: ! )))) [[.
The orc warrior hits you with a +0 broad axe!!
You die...

.........8##.. #..........
.......o.###.. ###.........
##..oo.###.###
###.###))...##
###.#'#.....###
###.....#)#.###
###.........###.......))###
#...........#....)...)..#
#....o....g.#.........).#
#.....⌠...go#[....⌠.....#
#......o.)o)@).o........#
#.........))#)).........#
##.........###.........##
###.....### ###.....###
###.### ###.### ### ###


You could see an orc warlord (inner flame), 3 orc warriors, an orc and 2
hobgoblins.

Vanquished Creatures
  A hippogriff (D:8)
  2 ice beasts (D:7)
  13 orc warriors
  A sky beast (D:8)
  A black bear (D:6)
  5 ogres
  A centaur (D:6)
  3 bullfrogs (D:6)
  5 scorpions
  A bullfrog zombie (D:7)
  An orc wizard (D:6)
  6 hounds
  A quasit (D:7)
  3 centaur zombies (Ossuary)
  A centaur skeleton (D:5)
  4 orc priests
  A bullfrog skeleton (D:7)
  6 iguanas
  5 worker ants
  A killer bee zombie (D:7)
  3 big kobold zombies (Ossuary)
  2 hound skeletons
  6 mummies (Ossuary)
  A worker ant zombie (D:5)
  A howler monkey skeleton (D:6)
  6 adders
  9 gnolls (Bailey)
  A shadow imp (D:5)
  2 white imps
  An ufetubus (D:8)
  An ooze (D:1)
  2 adder skeletons
  4 worms
  2 dart slugs
  8 leopard geckos
  45 orcs
  6 giant cockroaches
  22 goblins
  14 hobgoblins
  4 jackals (D:1)
  11 kobolds
  5 quokkas
  2 ball pythons (D:3)
  3 bats
  8 frilled lizards
  2 goblin zombies (D:5)
  3 hobgoblin zombies (Ossuary)
  A jackal skeleton (D:5)
  2 leopard gecko skeletons (D:4)
  7 rats
246 creatures vanquished.

Vanquished Creatures (others)
  A human (D:2)
1 creature vanquished.

Grand Total: 247 creatures vanquished

Notes
Turn   | Place    | Note
-------+----------+-------------------------------------------
     0 | D:1      | Kiburo the Gargoyle Earth Elementalist began the quest for
                  | the Orb.
     0 | D:1      | Reached XP level 1. HP: 10/10 MP: 3/3
   210 | D:1      | Reached XP level 2. HP: 15/15 MP: 0/5
   236 | D:1      | Reached skill level 4 in Earth Magic
   652 | D:1      | Reached XP level 3. HP: 19/19 MP: 1/6
   659 | D:1      | Learned a level 3 spell: Stone Arrow
  1588 | D:2      | Reached skill level 1 in Conjurations
  1908 | D:2      | Reached XP level 4. HP: 24/24 MP: 6/8
  2169 | D:2      | Found a faded altar of an unknown god.
  2390 | D:2      | Found an ancient bone altar of Kikubaaqudgha.
  2390 | D:2      | Noticed a human
  2393 | D:2      | Killed a human
  2597 | D:3      | Gained mutation: You are frail. (-10% HP) [potion of
                  | mutation]
  2597 | D:3      | Gained mutation: You are partially covered in icy blue
                  | scales. (AC +2) [potion of mutation]
  2597 | D:3      | Gained mutation: You are somewhat resistant to further
                  | mutation. [potion of mutation]
  2598 | D:3      | Lost mutation: You are somewhat resistant to further
                  | mutation. [potion of mutation]
  2598 | D:3      | Lost mutation: You are frail. (-10% HP) [potion of
                  | mutation]
  2598 | D:3      | Lost mutation: You are partially covered in icy blue
                  | scales. (AC +2) [potion of mutation]
  2598 | D:3      | Gained mutation: You occasionally shout uncontrollably at
                  | your foes. [potion of mutation]
  2598 | D:3      | Gained mutation: Scrolls take you a little longer to read.
                  | [potion of mutation]
  2598 | D:3      | Gained mutation: You are partially covered in molten
                  | scales. (AC +2) [potion of mutation]
  2783 | D:3      | Reached skill level 5 in Earth Magic
  2796 | D:3      | Reached XP level 5. HP: 28/28 MP: 9/9
  2909 | D:3      | Learned a level 5 spell: Lee's Rapid Deconstruction
  2984 | D:3      | Found a sparkling altar of Nemelex Xobeh.
  3186 | D:3      | Found a glowing golden altar of the Shining One.
  3379 | D:4      | Got a twisted whip
  3380 | D:4      | Identified the +4 whip "Ysaimov" {freeze, +Rage rPois MR+
                  | Int-5} (You found it on level 4 of the Dungeon)
  3508 | D:4      | Found a staircase to the Ecumenical Temple.
  3684 | Temple   | Entered the Ecumenical Temple
  4332 | D:4      | Reached XP level 6. HP: 24/32 MP: 1/11
  4611 | D:5      | Entered Level 5 of the Dungeon
  4671 | D:5      | Reached skill level 6 in Earth Magic
  4795 | D:5      | Reached XP level 7. HP: 23/36 MP: 5/13
  5079 | D:5      | Found a sand-covered staircase.
  5087 | Ossuary  | Entered an ossuary
  5999 | D:5      | Reached skill level 7 in Earth Magic
  6140 | D:5      | Reached skill level 5 in Spellcasting
  6413 | D:5      | Reached skill level 5 in Conjurations
  6413 | D:5      | Reached XP level 8. HP: 41/41 MP: 15/15
  7125 | D:6      | Reached skill level 8 in Earth Magic
  7666 | D:6      | Found a basalt altar of Yredelemnul.
  8167 | D:7      | Reached skill level 1 in Fighting
  8167 | D:7      | Reached skill level 1 in Armour
  8167 | D:7      | Reached XP level 9. HP: 47/47 MP: 7/18
  8221 | D:7      | Reached skill level 1 in Maces & Flails
  8221 | D:7      | Reached skill level 1 in Evocations
  8902 | D:7      | Found a snail-covered altar of Cheibriados.
  9052 | D:7      | You fall into a shaft and drop 1 floor!
  9121 | D:8      | Reached skill level 9 in Earth Magic
  9155 | D:8      | Reached XP level 10. HP: 32/56 MP: 10/20
  9170 | D:8      | Found a flagged portal.
  9181 | Bailey   | Entered a bailey
 10153 | Bailey   | Noticed an orc warlord
 10228 | Bailey   | Slain by an orc warrior

Illustrated notes

Levels and vault maps discovered:
D:1:      roderic_crop_circles_arrival_small, layout_basic
D:2:      layout_loops_ring, chequers_ecumenical_altar_grove, minivault_24,
          tgw_kikubaaqudgha
D:3:      layout_loops_cross, lemuel_coloured_pillars_altar, old_standard_altar
D:4:      layout_basic, minmay_temple_entry_tees, serial_corexii_hall,
          corexii_hall_statues_l, corexii_hall_statues_s
D:5:      layout_rooms, enter_ossuary_4, minmay_misc_feat_more_columns
D:6:      layout_basic, overflow_temple_1_default
D:7:      layout_cave_pods, overflow_temple_1_default, marbit_many_paths,
          moated_statue
D:8:      layout_basic, special_room [special_room_orc], enter_bailey_1
Temple:   eino_temple_rhombus
Bailey:   bailey_axe_minmay_hex_keep, bailey

Skill      XL: |  1  2  3  4  5  6  7  8  9 10 |
---------------+-------------------------------+-----
Earth Magic    | 4 5 6 7 8 9 |  9.3
Conjurations   | 1 2 3 5 6 7 |  7.4
Spellcasting   | 3 4 5 6 |  6.8
Fighting       | 1 3 |  3.5
Armour         | 1 3 |  3.5
Maces & Flails | 2 3 |  3.2
Dodging        | 3 |  3.3
Evocations     | 2 |  2.9
Stealth        | |  2.1
Transmutations | |  0.7

Action                   |  1- 3 |  4- 6 |  7- 9 | 10-12 || total
-------------------------+-------+-------+-------+-------++-------
Melee: Unarmed           |    21 |       |       |       ||    21
       Dagger            |   100 |   224 |   202 |       ||   526
       Mace              |       |       |    83 |   128 ||   211
 Cast: Sandblast         |    19 |    40 |    64 |    13 ||   136
       Lee's Rapid Decon |       |     1 |     6 |     7 ||    14
       Stone Arrow       |       |       |    40 |    16 ||    56
  Use: Scroll            |       |    11 |    10 |     2 ||    23
       Potion            |       |     7 |     1 |       ||     8
 Stab: Sleeping          |       |     3 |       |       ||     3
       Distracted        |       |       |     1 |       ||     1
Armor: Robe              |    27 |    71 |   208 |    75 ||   381
Dodge: Dodged            |    71 |   125 |   226 |   117 ||   539

Table legend: (Time is in decaauts)
 A = Elapsed time spent in this place.
 B = Non-inter-level travel time spent in this place.
 C = Inter-level travel time spent in this place.
 D = Time resting spent in this place.
 E = Time spent auto-exploring this place.
 F = Levels seen in this place.
 G = Mean time per level.
                   A        B        C        D        E       F      G
               +--------+--------+--------+--------+--------+-----+--------+
         Total |  10087 |   9710 |    377 |   2767 |   4570 |  11 |  917.0 |
       Dungeon |   7987 |   7630 |    357 |   1551 |   4423 |   8 |  998.4 |
        Temple |    167 |    147 |     20 |      0 |    147 |   1 |  167.0 |
       Ossuary |    854 |    854 |      0 |    585 |      0 |   1 |  854.0 |
        Bailey |   1078 |   1078 |      0 |    631 |      0 |   1 | 1078.0 |
               +--------+--------+--------+--------+--------+-----+--------+

Top non-repeatable levels by time:
     D:6: 1815 daAuts
     D:1: 1360 daAuts
     D:2: 1172 daAuts
     D:4: 1084 daAuts
     D:5: 1083 daAuts
  Bailey: 1078 daAuts
 Ossuary: 854 daAuts
     D:3: 751 daAuts
     D:7: 583 daAuts
  Temple: 167 daAuts
     D:8: 136 daAuts
